 Dungeon Crawl Stone Soup version 0.26-a0-831-g7192265339 (webtiles) character file.

Game seed: 7601390342356284545

700 robertstho the Chiller (level 7, -1/51 HPs)
             Began as a Gnoll Ice Elementalist on Nov 15, 2020.
             Shot with an arrow by a centaur (14 damage)
             ... on level 5 of the Dungeon.
             The game lasted 00:07:41 (4560 turns).

robertstho the Chiller (Gnoll Ice Elementalist)     Turns: 4560, Time: 00:07:42

Health: -1/51      AC:  4    Str: 11    XL:     7   Next: 65%
Magic:  12/15      EV: 16    Int: 19    God:
Gold:   262        SH:  0    Dex: 21    Spells: 2/17 levels left

rFire    . . .     SeeInvis .   g - +0 dagger (elec)
rCold    . . .     Faith    .   (no shield)
rNeg     . . .     Spirit   .   a - +0 robe
rPois    .         Reflect  .   (no helmet)
rElec    .         Harm     .   q - +0 cloak
rCorr    .         Rampage  .   y - +0 pair of gloves
MR       .....                  (no boots)
Stlth    +++.......             (no amulet)
HPRegen  0.17/turn              c - +6 ring of dexterity
MPRegen  0.14/turn              (no ring)

@: frozen ramparts
A: distributed training, fangs 1, strong nose
a: no special abilities


You were on level 5 of the Dungeon.
You visited 1 branch of the dungeon, and saw 5 of its levels.

You collected 262 gold pieces.

Inventory:

Hand Weapons
 g - a +0 dagger of electrocution (weapon)
Missiles
 j - 9 poisoned darts (quivered)
Armour
 a - a +0 robe (worn)
 q - a +0 cloak (worn)
 y - a +0 pair of gloves (worn)
Jewellery
 c - a +6 ring of dexterity (left hand)
Wands
 u - a wand of flame (5)
 w - a wand of acid (8)
Scrolls
 b - a scroll of fog
 e - 3 scrolls of teleportation
 f - 2 scrolls of blinking
 i - 2 scrolls of remove curse
 l - 3 scrolls of magic mapping
 m - 3 scrolls of identify
 n - 2 scrolls of enchant armour
Potions
 d - a potion of attraction {unknown}
 h - a potion of heal wounds
 k - 2 potions of flight {unknown}
 o - 2 potions of berserk rage
 p - a potion of cancellation {unknown}
 r - 2 potions of curing {unknown}
 s - a potion of might {unknown}
 t - a potion of haste
 v - a potion of resistance {unknown}
 x - 2 potions of brilliance {unknown}


   Skills:
 + Level 2.6 Fighting
 + Level 2.6 Short Blades
 + Level 2.6 Long Blades
 + Level 2.6 Axes
 + Level 2.6 Maces & Flails
 + Level 2.6 Polearms
 + Level 2.6 Staves
 + Level 2.6 Slings
 + Level 2.6 Bows
 + Level 2.6 Crossbows
 + Level 2.6 Throwing
 + Level 2.6 Armour
 + Level 5.3 Dodging
 + Level 5.0 Stealth
 + Level 2.6 Shields
 + Level 2.6 Unarmed Combat
 + Level 5.7 Spellcasting
 + Level 2.1 Conjurations
 + Level 2.1 Hexes
 + Level 2.1 Summonings
 + Level 2.1 Necromancy
 + Level 2.1 Translocations
 + Level 2.1 Transmutations
 + Level 2.1 Fire Magic
 + Level 7.4 Ice Magic
 + Level 2.1 Air Magic
 + Level 2.1 Earth Magic
 + Level 2.1 Poison Magic
 + Level 2.9 Invocations
 + Level 2.6 Evocations


You had 2 spell levels left.
You knew the following spells:

 Your Spells              Type           Power        Failure   Level
a - Freeze                Ice            ####         1%          1
b - Frozen Ramparts       Ice            ####..       1%          3
c - Ozocubu's Armour      Ice            ####....     1%          3
d - Hailstorm             Conj/Ice       ###.....     16%         4
e - Summon Ice Beast      Ice/Summ       ###.....     16%         4

Your spell library contained the following spells:

 Spells                   Type           Power        Failure   Level


Dungeon Overview and Level Annotations

Branches:
Dungeon (5/15)
 Temple: D:4-7

Altars:
Elyvilon
Fedhas
Nemelex Xobeh
Qazlal
Wu Jian
Yredelemnul


Innate Abilities, Weirdness & Mutations

Your experience applies equally to all skills.
You have very sharp teeth.
Your uncanny sense of smell can sniff out nearby items.


Message History

The wall freezes the centaur.
The centaur hits you.
The wall freezes the ogre.
The wall freezes the centaur.
The centaur misses you.
Unknown command.
You hit the centaur.
The centaur is moderately wounded.
The wall freezes the ogre.
The wall freezes the centaur.
The centaur closely misses you.
You hit the centaur but do no damage.
The centaur is heavily wounded.
The wall freezes the centaur.
The centaur hits you!
The wall freezes the ogre.
The ogre misses you.
You hit the centaur but do no damage.
The centaur is severely wounded.
The wall freezes the centaur.
The centaur hits you.
The wall freezes the ogre!
The ogre hits you with a +0 giant club!
The wall freezes the centaur.
The centaur wields a +0 shortbow.
The centaur shoots an arrow.
The arrow hits you!
* * * LOW HITPOINT WARNING * * *
The wall freezes the centaur.
The centaur shoots an arrow.
The arrow hits you!
You die...

########.###########
∆..... #.# #####.#.#
#.# ∆ ........# #.#
#....... #.#
.#......###.#
........<...#
#.#.##.#######
#..@.O......
#.##.####### #∆ #c#
#<# #.# ∆ #.# #.#
#.# #.#


You could see an ogre and a centaur.

Vanquished Creatures
  An ogre (D:5)
  A scorpion (D:4)
  A hound (D:5)
  3 orc priests (D:4)
  A jelly (D:5)
  2 orc wizards
  Ijyb (D:4)
  A worker ant (D:4)
  A worker ant zombie (D:5)
  A howler monkey skeleton (D:4)
  4 gnolls (D:2)
  12 adders
  An ooze (D:5)
  An adder zombie (D:5)
  2 adder skeletons (D:4)
  6 worms
  2 dart slugs (D:2)
  6 leopard geckos
  9 orcs
  7 giant cockroaches
  9 goblins
  10 hobgoblins
  4 jackals
  13 kobolds
  3 quokkas (D:3)
  3 ball pythons
  7 bats
  6 frilled lizards
  A quokka skeleton (D:4)
  10 rats
129 creatures vanquished.

Vanquished Creatures (collateral kills)
  A worm (D:4)
1 creature vanquished.

Vanquished Creatures (others)
  3 plants (D:1)
3 creatures vanquished.

Grand Total: 133 creatures vanquished

Notes
Turn   | Place    | Note
-------+----------+-------------------------------------------
     0 | D:1      | robertstho the Gnoll Ice Elementalist began the quest for
                  | the Orb.
     0 | D:1      | Reached XP level 1. HP: 13/13 MP: 6/6
   130 | D:1      | Reached XP level 2. HP: 16/19 MP: 7/7
   801 | D:1      | Reached XP level 3. HP: 25/25 MP: 9/9
   905 | D:1      | Reached skill level 5 in Spellcasting
  1320 | D:1      | Learned a level 3 spell: Frozen Ramparts
  1324 | D:1      | Learned a level 3 spell: Ozocubu's Armour
  1328 | D:2      | Reached skill level 1 in Invocations
  1396 | D:2      | Reached skill level 1 in Fighting
  1396 | D:2      | Reached skill level 1 in Short Blades
  1396 | D:2      | Reached skill level 1 in Long Blades
  1396 | D:2      | Reached skill level 1 in Axes
  1396 | D:2      | Reached skill level 1 in Maces & Flails
  1396 | D:2      | Reached skill level 1 in Polearms
  1396 | D:2      | Reached skill level 1 in Staves
  1396 | D:2      | Reached skill level 1 in Slings
  1396 | D:2      | Reached skill level 1 in Bows
  1396 | D:2      | Reached skill level 1 in Crossbows
  1396 | D:2      | Reached skill level 1 in Throwing
  1396 | D:2      | Reached skill level 1 in Armour
  1396 | D:2      | Reached skill level 1 in Shields
  1396 | D:2      | Reached skill level 1 in Unarmed Combat
  1396 | D:2      | Reached skill level 1 in Evocations
  1486 | D:2      | Reached XP level 4. HP: 31/32 MP: 7/11
  1539 | D:2      | Learned a level 4 spell: Hailstorm
  1784 | D:2      | Reached skill level 1 in Conjurations
  1784 | D:2      | Reached skill level 1 in Hexes
  1784 | D:2      | Reached skill level 1 in Summonings
  1784 | D:2      | Reached skill level 1 in Necromancy
  1784 | D:2      | Reached skill level 1 in Translocations
  1784 | D:2      | Reached skill level 1 in Transmutations
  1784 | D:2      | Reached skill level 1 in Fire Magic
  1784 | D:2      | Reached skill level 1 in Air Magic
  1784 | D:2      | Reached skill level 1 in Earth Magic
  1784 | D:2      | Reached skill level 1 in Poison Magic
  1940 | D:2      | Found a faded altar of an unknown god.
  1994 | D:2      | Found a white marble altar of Elyvilon.
  2150 | D:2      | Reached XP level 5. HP: 37/37 MP: 8/12
  2794 | D:3      | Reached XP level 6. HP: 32/44 MP: 5/13
  2830 | D:3      | Learned a level 4 spell: Summon Ice Beast
  3048 | D:3      | Found a basalt altar of Yredelemnul.
  3248 | D:4      | Reached skill level 5 in Dodging
  3309 | D:4      | Found a stormy altar of Qazlal.
  3347 | D:4      | Noticed Ijyb
  3352 | D:4      | Killed Ijyb
  3458 | D:4      | Found an ornate altar of the Wu Jian Council.
  3498 | D:4      | Found a blossoming altar of Fedhas.
  3638 | D:4      | Reached XP level 7. HP: 21/50 MP: 11/15
  3931 | D:4      | Found a sparkling altar of Nemelex Xobeh.
  4082 | D:5      | Entered Level 5 of the Dungeon
  4317 | D:5      | Reached skill level 5 in Stealth
  4560 | D:5      | Shot with an arrow by a centaur

Illustrated notes

Levels and vault maps discovered:
D:1:      sevenhm_arrival_forest_fort_small_4, layout_loops_ring, serial_bayou,
          serial_bayou_crossing, serial_bayou_lake_a, serial_bayou_pond_b,
          serial_bayou_pond_e, serial_bayou_ford_a, grunt_decor_fettered,
          fountainhead
D:2:      layout_rooms, elyvilon_altar_1, chequers_ecumenical_altar_grove,
          minmay_joined_circles
D:3:      layout_rooms, lemuel_statue_altar
D:4:      layout_rooms, lemuel_round_altar, grunt_temple_overflow_open,
          lightli_sewer_entry_pipes, nemelex_xobeh_ov_fountains_minmay,
          uniq_ijyb
D:5:      layout_basic

Skill      XL: |  1  2  3  4  5  6  7 |
---------------+----------------------+-----
Spellcasting   | 5 |  5.7
Invocations    | 1 2 |  2.9
Fighting       | 1 2 |  2.6
Short Blades   | 1 2 |  2.6
Long Blades    | 1 2 |  2.6
Axes           | 1 2 |  2.6
Maces & Flails | 1 2 |  2.6
Polearms       | 1 2 |  2.6
Staves         | 1 2 |  2.6
Slings         | 1 2 |  2.6
Bows           | 1 2 |  2.6
Crossbows      | 1 2 |  2.6
Throwing       | 1 2 |  2.6
Armour         | 1 2 |  2.6
Shields        | 1 2 |  2.6
Unarmed Combat | 1 2 |  2.6
Evocations     | 1 2 |  2.6
Conjurations   | 1 2 |  2.1
Hexes          | 1 2 |  2.1
Summonings     | 1 2 |  2.1
Necromancy     | 1 2 |  2.1
Translocations | 1 2 |  2.1
Transmutations | 1 2 |  2.1
Fire Magic     | 1 2 |  2.1
Air Magic      | 1 2 |  2.1
Earth Magic    | 1 2 |  2.1
Poison Magic   | 1 2 |  2.1
Dodging        | 5 |  5.3
Stealth        | 5 |  5.0
Ice Magic      | |  7.4

Action                   |  1- 3 |  4- 6 |  7- 9 || total
-------------------------+-------+-------+-------++-------
Melee: Unarmed           |    13 |       |       ||    13
       Dagger            |    70 |    59 |    32 ||   161
       Bite              |     7 |     4 |     4 ||    15
       Spear             |     1 |    17 |       ||    18
 Cast: Freeze            |    23 |     6 |       ||    29
       Frozen Ramparts   |     4 |    31 |     8 ||    43
       Summon Ice Beast  |       |       |     1 ||     1
  Use: Scroll            |       |    11 |       ||    11
 Stab: Sleeping          |     3 |     7 |     2 ||    12
       Distracted        |       |     1 |       ||     1
Armor: Robe              |    23 |     7 |     4 ||    34
Dodge: Dodged            |    76 |    76 |    19 ||   171

Table legend: (Time is in decaauts)
 A = Elapsed time spent in this place.
 B = Non-inter-level travel time spent in this place.
 C = Inter-level travel time spent in this place.
 D = Time resting spent in this place.
 E = Time spent auto-exploring this place.
 F = Levels seen in this place.
 G = Mean time per level.
                   A        B        C        D        E       F      G
               +--------+--------+--------+--------+--------+-----+--------+
         Total |   4649 |   4534 |    115 |     19 |   3535 |   5 |  929.8 |
       Dungeon |   4649 |   4534 |    115 |     19 |   3535 |   5 |  929.8 |
               +--------+--------+--------+--------+--------+-----+--------+

Top non-repeatable levels by time:
     D:1: 1381 daAuts
     D:2: 1003 daAuts
     D:3: 899 daAuts
     D:4: 888 daAuts
     D:5: 475 daAuts
